cohdb
Replays
Latest Replays
All Replays
Popular Replays
Top Player Replays
Match Explorer
How It Works
Community
CoH3 Stats
Reddit
Sign in to upload your games and track your stats! →
Sign in with Steam
Match 45999103
Unlisted
Match 45999103
Overview
Messages
Build Orders
End
Royal Engineer Section
Vickers Machine Gun Team
Vickers Machine Gun Team
Construct Section Command Post
Infantry Section
Construct Platoon Command Post
Humber Armored Car
Selects Heavy Armor Battlegroup
Selects Rigorous Vehicle Training
Selects Light Vehicle Withdraw and Refit
Humber Armored Car
Light Vehicle Training
Unlock Bishop Self-propelled Artillery
6-pounder Anti-tank Gun Team
Infantry Section
Bishop Self-propelled Artillery
Vickers Machine Gun Team
Selects Radio Net
Selects Recon Artillery
Bishop Self-propelled Artillery
Team Weapon Training
Grenade Package
Recon Artillery
Selects Forward Repair Assembly
6-pounder Anti-tank Gun Team
sw
Auxiliary Priest
T.R. Olvadi
Nico-Nico-Nii~~
0
0
Comments
sign in to comment!
No comments posted yet!